Workbook

Sheet 16.10.2024
B1: Сводная информация по школам по открытым бюджетам за 2024 год
B2: 45581 | V2: тыс.т.
A3: № | B3: Наименование | G3: ФЗП за год | I3: Налоги | L3: ИТОГО по зар.пл/ с налогами | M3: содержание школ | V3: Общие затраты школ за год
D6: в месяц МБ+РБ | G6: з/пл | I6: налоги | M6: Коомунальные расходы | R6: ГСМ /144
C7: 111 | D7: 121 | E7: 122 | F7: 124 | G7: 111 год | H7: 113 | I7: 121 | J7: 122 | K7: 124 | M7: отопление за отопительный сезон | N7: эл/энергия год | O7: услуги связи год/152 | P7: выкачка септика | Q7: вода
A8: 1 | B8: КГУ ОСШ с.Конысбай | C8: ='[1]Свод '!$J$6/1000 -> 12873.168 | D8: =(C8-C8*10%)*6% -> 695.15107 | E8: =(C8-C8*10%)*3.5% -> 405.50479 | F8: =C8*2% -> 257.46336 | G8: ='[3]Свод '!$L$7 -> 220041.4 | H8: =G8/12 -> 18336.783 | I8: =(G8-G8*10%)*6% -> 11882.235 | J8: =(G8-G8*10%)*3.5% -> 6931.3039 | K8: =G8*3% -> 6601.2419 | L8: =G8+I8+J8+K8+H8 -> 263792.96 | M8: =[2]Лист2!$AC$9 -> 5736.48 | N8: 1013.9 | O8: =1120+368 -> 1488 | P8: 62.5 | V8: =L8+M8+N8+O8+P8+S8+R8+T8+U8+Q8 -> 272093.84 | W8: =M8/7 -> 819.49714 | X8: =#REF!+#REF!+#REF!+#REF! -> #REF! | Y8: =V8-X8 -> #REF!
A9: 2 | B9: КГУ ОСШ с.Айдабул | C9: ='[1]Свод '!$J$7/1000 -> 12013.721 | D9: =(C9-C9*10%)*6% -> 648.74093 | E9: =(C9-C9*10%)*3.5% -> 378.43221 | F9: =C9*2% -> 240.27442 | G9: ='[3]Свод '!$L$8 -> 194203.78 | H9: =G9/12 -> 16183.649 | I9: =(G9-G9*10%)*6% -> 10487.004 | J9: =(G9-G9*10%)*3.5% -> 6117.4192 | K9: =G9*3% -> 5826.1135 | L9: =G9+I9+J9+K9+H9 -> 232817.97 | N9: 1315 | O9: =848.5+128+276+92 -> 1344.5 | P9: 187.5 | R9: =5924*205/1000 -> 1214.42 | V9: =L9+M9+N9+O9+P9+S9+R9+T9+U9+Q9 -> 236879.39 | W9: =M9/7 -> 0 | X9: =#REF!+#REF!+#REF!+#REF! -> #REF! | Y9: =V9-X9 -> #REF!
A10: 3 | B10: КГУ ОСШ с.Акколь | C10: 14856.9 | D10: =(C10-C10*10%)*6% -> 802.2726 | E10: =(C10-C10*10%)*3.5% -> 467.99235 | F10: =C10*2% -> 297.138 | G10: ='[3]Свод '!$L$11 -> 267567.85 | H10: =G10/12 -> 22297.321 | I10: =(G10-G10*10%)*6% -> 14448.664 | J10: =(G10-G10*10%)*3.5% -> 8428.3872 | K10: =G10*3% -> 8027.0355 | L10: =G10+I10+J10+K10+H10 -> 320769.26 | M10: 8542 | N10: 3050 | O10: =403+284+184+92 -> 963 | P10: 180 | Q10: 195 | R10: 1400 | V10: =L10+M10+N10+O10+P10+S10+R10+T10+U10+Q10 -> 335099.26 | W10: =M10/7 -> 1220.2857 | X10: =#REF!+#REF!+#REF!+#REF! -> #REF! | Y10: =V10-X10 -> #REF!
A11: 4 | B11: КГУ ОСШ с.Акадыр | C11: ='[1]Свод '!$J$8/1000 -> 8629.2713 | D11: =(C11-C11*10%)*6% -> 465.98065 | E11: =(C11-C11*10%)*3.5% -> 271.82205 | F11: =C11*2% -> 172.58543 | G11: ='[3]Свод '!$L$9 -> 136985.43 | H11: =G11/12 -> 11415.452 | I11: =(G11-G11*10%)*6% -> 7397.2132 | J11: =(G11-G11*10%)*3.5% -> 4315.041 | K11: =G11*3% -> 4109.5629 | L11: =G11+I11+J11+K11+H11 -> 164222.7 | M11: =[2]Лист2!$AC$10 -> 6109.44 | N11: 1388 | O11: 184 | P11: 62.5 | R11: =3168*205/1000 -> 649.44 | V11: =L11+M11+N11+O11+P11+S11+R11+T11+U11+Q11 -> 172616.08 | W11: =M11/7 -> 872.77714 | X11: =#REF!+#REF!+#REF!+#REF! -> #REF! | Y11: =V11-X11 -> #REF!
A12: 5 | B12: КГУ ОСШ с.Алексеевка №1 | C12: ='[1]Свод '!$J$9/1000 -> 7625.1003 | D12: =(C12-C12*10%)*6% -> 411.75542 | E12: =(C12-C12*10%)*3.5% -> 240.19066 | F12: =C12*2% -> 152.50201 | G12: ='[3]Свод '!$L$10 -> 155556.02 | H12: =G12/12 -> 12963.001 | I12: =(G12-G12*10%)*6% -> 8400.0248 | J12: =(G12-G12*10%)*3.5% -> 4900.0145 | K12: =G12*3% -> 4666.6805 | L12: =G12+I12+J12+K12+H12 -> 186485.74 | M12: =[2]Лист2!$AC$13 -> 7521.36 | N12: 1783.2 | O12: =1120.2+276+92 -> 1488.2 | P12: 88 | Q12: 145 | V12: =L12+M12+N12+O12+P12+S12+R12+T12+U12+Q12 -> 197511.5 | W12: =M12/7 -> 1074.48 | X12: =#REF!+#REF!+#REF!+#REF! -> #REF! | Y12: =V12-X12 -> #REF!
A13: 6 | B13: КГУ ОСШ с.Еликты | C13: ='[1]Свод '!$J$11/1000 -> 9385.1177 | D13: =(C13-C13*10%)*6% -> 506.79635 | E13: =(C13-C13*10%)*3.5% -> 295.63121 | F13: =C13*2% -> 187.70235 | G13: ='[3]Свод '!$L$12 -> 180221.57 | H13: =G13/12 -> 15018.464 | I13: =(G13-G13*10%)*6% -> 9731.9646 | J13: =(G13-G13*10%)*3.5% -> 5676.9793 | K13: =G13*3% -> 5406.647 | L13: =G13+I13+J13+K13+H13 -> 216055.62 | M13: =[2]Лист2!$AC$14 -> 5721.68 | N13: 1214.9 | O13: =360+184 -> 544 | P13: 75 | V13: =L13+M13+N13+O13+P13+S13+R13+T13+U13+Q13 -> 223611.2 | W13: =M13/7 -> 817.38286 | X13: =#REF!+#REF!+#REF!+#REF! -> #REF! | Y13: =V13-X13 -> #REF!
A14: 7 | B14: КГУ ОСШ с.Бирлестык | C14: ='[1]Свод '!$J$12/1000 -> 7425.1814 | D14: =(C14-C14*10%)*6% -> 400.95979 | E14: =(C14-C14*10%)*3.5% -> 233.89321 | F14: =C14*2% -> 148.50363 | G14: ='[3]Свод '!$L$13 -> 131013.04 | H14: =G14/12 -> 10917.754 | I14: =(G14-G14*10%)*6% -> 7074.7043 | J14: =(G14-G14*10%)*3.5% -> 4126.9109 | K14: =G14*3% -> 3930.3913 | L14: =G14+I14+J14+K14+H14 -> 157062.8 | M14: =[2]Лист2!$AC$16 -> 5322.08 | N14: 965.2 | O14: 184 | P14: 100 | V14: =L14+M14+N14+O14+P14+S14+R14+T14+U14+Q14 -> 163634.08 | W14: =M14/7 -> 760.29714 | X14: =#REF!+#REF!+#REF!+#REF! -> #REF! | Y14: =V14-X14 -> #REF!
A15: 8 | B15: КГУ ОСШ с.Викторовка | C15: ='[1]Свод '!$J$13/1000 -> 13746.179 | D15: =(C15-C15*10%)*6% -> 742.29369 | E15: =(C15-C15*10%)*3.5% -> 433.00465 | F15: =C15*2% -> 274.92359 | G15: ='[3]Свод '!$L$15 -> 235345.2 | H15: =G15/12 -> 19612.1 | I15: =(G15-G15*10%)*6% -> 12708.641 | J15: =(G15-G15*10%)*3.5% -> 7413.3737 | K15: =G15*3% -> 7060.3559 | L15: =G15+I15+J15+K15+H15 -> 282139.67 | M15: =[2]Лист2!$AC$15 -> 12608.712 | N15: 3386.2 | O15: =284+276 -> 560 | R15: 1573 | V15: =L15+M15+N15+O15+P15+S15+R15+T15+U15+Q15 -> 300267.58 | W15: =M15/7 -> 1801.2446 | X15: =#REF!+#REF!+#REF!+#REF! -> #REF! | Y15: =V15-X15 -> #REF!
A16: 9 | B16: КГУ ОСШ с.Алексеевка №2 | C16: ='[1]Свод '!$J$15/1000 -> 7837.6381 | D16: =(C16-C16*10%)*6% -> 423.23246 | E16: =(C16-C16*10%)*3.5% -> 246.8856 | F16: =C16*2% -> 156.75276 | G16: ='[3]Свод '!$L$17 -> 138942.13 | H16: =G16/12 -> 11578.511 | I16: =(G16-G16*10%)*6% -> 7502.8752 | J16: =(G16-G16*10%)*3.5% -> 4376.6772 | K16: =G16*3% -> 4168.264 | L16: =G16+I16+J16+K16+H16 -> 166568.46 | M16: =[2]Лист2!$AC$17 -> 9939.68 | N16: 1447.8 | O16: =432+276 -> 708 | P16: 88 | R16: =12020*205/1000 -> 2464.1 | V16: =L16+M16+N16+O16+P16+S16+R16+T16+U16+Q16 -> 181216.04 | W16: =M16/7 -> 1419.9543 | X16: =#REF!+#REF!+#REF!+#REF! -> #REF! | Y16: =V16-X16 -> #REF!
A17: 10 | B17: КГУ ОСШ с.Еленовка | C17: 15765 | D17: =(C17-C17*10%)*6% -> 851.31 | E17: =(C17-C17*10%)*3.5% -> 496.5975 | F17: =C17*2% -> 315.3 | G17: ='[3]Свод '!$L$16 -> 282527.63 | H17: =G17/12 -> 23543.969 | I17: =(G17-G17*10%)*6% -> 15256.492 | J17: =(G17-G17*10%)*3.5% -> 8899.6202 | K17: =G17*3% -> 8475.8288 | L17: =G17+I17+J17+K17+H17 -> 338703.54 | M17: =[2]Лист2!$AC$18 -> 6796.16 | N17: 2283.3 | O17: 1238 | P17: 100 | Q17: 168 | R17: 2100 | V17: =L17+M17+N17+O17+P17+S17+R17+T17+U17+Q17 -> 351389 | W17: =M17/7 -> 970.88 | X17: =#REF!+#REF!+#REF!+#REF! -> #REF! | Y17: =V17-X17 -> #REF!
A18: 11 | B18: КГУ ОСШ №1 с.Зеренда | C18: 29225.2 | D18: =(C18-C18*10%)*6% -> 1578.1608 | E18: =(C18-C18*10%)*3.5% -> 920.5938 | F18: =C18*2% -> 584.504 | G18: ='[3]Свод '!$L$18 -> 466980.27 | H18: =G18/12 -> 38915.022 | I18: =(G18-G18*10%)*6% -> 25216.934 | J18: =(G18-G18*10%)*3.5% -> 14709.878 | K18: =G18*3% -> 14009.408 | L18: =G18+I18+J18+K18+H18 -> 559831.51 | M18: 8971.5 | N18: 3056 | O18: =2987+460 -> 3447 | P18: 870 | Q18: 170 | V18: =L18+M18+N18+O18+P18+S18+R18+T18+U18+Q18 -> 576346.01 | W18: =M18/7 -> 1281.6429 | X18: =#REF!+#REF!+#REF!+#REF! -> #REF! | Y18: =V18-X18 -> #REF!
A19: 12 | B19: КГУ«Школа - гимназия имени Малика Габдуллина села Зеренда | C19: ='[1]Свод '!$J$17/1000 -> 15896.303 | D19: =(C19-C19*10%)*6% -> 858.40037 | E19: =(C19-C19*10%)*3.5% -> 500.73355 | F19: =C19*2% -> 317.92606 | G19: ='[3]Свод '!$L$19 -> 501501.71 | H19: =G19/12 -> 41791.809 | I19: =(G19-G19*10%)*6% -> 27081.092 | J19: =(G19-G19*10%)*3.5% -> 15797.304 | K19: =G19*3% -> 15045.051 | L19: =G19+I19+J19+K19+H19 -> 601216.97 | M19: 13213.6 | N19: 9231.7 | O19: 3001 | P19: 640 | Q19: 190 | R19: =19079*205/1000 -> 3911.195 | V19: =L19+M19+N19+O19+P19+S19+R19+T19+U19+Q19 -> 631404.46 | W19: =M19/7 -> 1887.6571 | X19: =#REF!+#REF!+#REF!+#REF! -> #REF! | Y19: =V19-X19 -> #REF!
A20: 13 | B20: КГУ ОСШ № 2 с.Зеренда | C20: 11082.2 | D20: =(C20-C20*10%)*6% -> 598.4388 | E20: =(C20-C20*10%)*3.5% -> 349.0893 | F20: =C20*2% -> 221.644 | G20: ='[3]Свод '!$L$20 -> 204184.6 | H20: =G20/12 -> 17015.384 | I20: =(G20-G20*10%)*6% -> 11025.969 | J20: =(G20-G20*10%)*3.5% -> 6431.815 | K20: =G20*3% -> 6125.5381 | L20: =G20+I20+J20+K20+H20 -> 244783.31 | M20: 9479.6 | N20: 2656 | O20: 1247 | P20: 750 | Q20: 190 | V20: =L20+M20+N20+O20+P20+S20+R20+T20+U20+Q20 -> 259105.91 | W20: =M20/7 -> 1354.2286 | X20: =#REF!+#REF!+#REF!+#REF! -> #REF! | Y20: =V20-X20 -> #REF!
A21: 14 | B21: КГУ ОСШ с.Иглик | C21: ='[1]Свод '!$J$20/1000 -> 5306.2758 | D21: =(C21-C21*10%)*6% -> 286.53889 | E21: =(C21-C21*10%)*3.5% -> 167.14769 | F21: =C21*2% -> 106.12552 | G21: ='[3]Свод '!$L$22 -> 253978 | H21: =G21/12 -> 21164.833 | I21: =(G21-G21*10%)*6% -> 13714.812 | J21: =(G21-G21*10%)*3.5% -> 8000.307 | K21: =G21*3% -> 7619.34 | L21: =G21+I21+J21+K21+H21 -> 304477.29 | M21: =[2]Лист2!$AC$19 -> 4733.632 | N21: 1279 | O21: 184 | P21: 150 | V21: =L21+M21+N21+O21+P21+S21+R21+T21+U21+Q21 -> 310823.92 | W21: =M21/7 -> 676.23314 | X21: =#REF!+#REF!+#REF!+#REF! -> #REF! | Y21: =V21-X21 -> #REF!
A22: 15 | B22: КГУ ОСШ с.Исаковка | C22: ='[1]Свод '!$J$19/1000 -> 7732.1278 | D22: =(C22-C22*10%)*6% -> 417.5349 | E22: =(C22-C22*10%)*3.5% -> 243.56203 | F22: =C22*2% -> 154.64256 | G22: ='[3]Свод '!$L$21 -> 146199.93 | H22: =G22/12 -> 12183.327 | I22: =(G22-G22*10%)*6% -> 7894.7962 | J22: =(G22-G22*10%)*3.5% -> 4605.2978 | K22: =G22*3% -> 4385.9979 | L22: =G22+I22+J22+K22+H22 -> 175269.35 | M22: =[2]Лист2!$AC$20 -> 5612.752 | N22: 1828 | O22: =403.2+368 -> 771.2 | P22: 125 | R22: =3115*205/1000 -> 638.575 | V22: =L22+M22+N22+O22+P22+S22+R22+T22+U22+Q22 -> 184244.88 | W22: =M22/7 -> 801.82171 | X22: =#REF!+#REF!+#REF!+#REF! -> #REF! | Y22: =V22-X22 -> #REF!
A23: 16 | B23: КГУ ОСШ с.Оркен | C23: ='[1]Свод '!$J$23/1000 -> 14444.194 | D23: =(C23-C23*10%)*6% -> 779.9865 | E23: =(C23-C23*10%)*3.5% -> 454.99212 | F23: =C23*2% -> 288.88389 | G23: ='[3]Свод '!$L$25 -> 253977.78 | H23: =G23/12 -> 21164.815 | I23: =(G23-G23*10%)*6% -> 13714.8 | J23: =(G23-G23*10%)*3.5% -> 8000.3002 | K23: =G23*3% -> 7619.3335 | L23: =G23+I23+J23+K23+H23 -> 304477.03 | M23: =[2]Лист2!$AC$21 -> 6628.92 | N23: 2501.4 | O23: =600+284+276+92 -> 1252 | P23: 100 | R23: 1846 | V23: =L23+M23+N23+O23+P23+S23+R23+T23+U23+Q23 -> 316805.35 | W23: =M23/7 -> 946.98857 | X23: =#REF!+#REF!+#REF!+#REF! -> #REF! | Y23: =V23-X23 -> #REF!
A24: 17 | B24: КГУ ОСШ с.Кызылсая | C24: ='[1]Свод '!$J$21/1000 -> 7141.3798 | D24: =(C24-C24*10%)*6% -> 385.63451 | E24: =(C24-C24*10%)*3.5% -> 224.95346 | F24: =C24*2% -> 142.8276 | G24: ='[3]Свод '!$L$23 -> 118848.63 | H24: =G24/12 -> 9904.0524 | I24: =(G24-G24*10%)*6% -> 6417.826 | J24: =(G24-G24*10%)*3.5% -> 3743.7318 | K24: =G24*3% -> 3565.4589 | L24: =G24+I24+J24+K24+H24 -> 142479.7 | M24: =[2]Лист2!$AC$22 -> 6503.12 | N24: 1155 | O24: =806.4+368 -> 1174.4 | P24: 100 | V24: =L24+M24+N24+O24+P24+S24+R24+T24+U24+Q24 -> 151412.22 | W24: =M24/7 -> 929.01714 | X24: =#REF!+#REF!+#REF!+#REF! -> #REF! | Y24: =V24-X24 -> #REF!
A25: 18 | B25: КГУ ОСШ с.Кызылтан | C25: ='[1]Свод '!$J$22/1000 -> 6462.7369 | D25: =(C25-C25*10%)*6% -> 348.98779 | E25: =(C25-C25*10%)*3.5% -> 203.57621 | F25: =C25*2% -> 129.25474 | G25: ='[3]Свод '!$L$24 -> 124742.53 | H25: =G25/12 -> 10395.211 | I25: =(G25-G25*10%)*6% -> 6736.0968 | J25: =(G25-G25*10%)*3.5% -> 3929.3898 | K25: =G25*3% -> 3742.276 | L25: =G25+I25+J25+K25+H25 -> 149545.51 | M25: =[2]Лист2!$AC$23 -> 2798.976 | N25: 766.6 | O25: 184 | P25: 100 | V25: =L25+M25+N25+O25+P25+S25+R25+T25+U25+Q25 -> 153395.08 | W25: =M25/7 -> 399.85371 | X25: =#REF!+#REF!+#REF!+#REF! -> #REF! | Y25: =V25-X25 -> #REF!
A26: 19 | B26: КГУ ОСШ с.Молодежное | C26: ='[1]Свод '!$J$24/1000 -> 9823.1825 | D26: =(C26-C26*10%)*6% -> 530.45185 | E26: =(C26-C26*10%)*3.5% -> 309.43025 | F26: =C26*2% -> 196.46365 | G26: ='[3]Свод '!$L$26 -> 152314.15 | H26: =G26/12 -> 12692.846 | I26: =(G26-G26*10%)*6% -> 8224.964 | J26: =(G26-G26*10%)*3.5% -> 4797.8957 | K26: =G26*3% -> 4569.4245 | L26: =G26+I26+J26+K26+H26 -> 182599.28 | M26: =[2]Лист2!$AC$24 -> 7059.6 | N26: 1112 | O26: =483+355 -> 838 | P26: 75 | V26: =L26+M26+N26+O26+P26+S26+R26+T26+U26+Q26 -> 191683.88 | W26: =M26/7 -> 1008.5143 | X26: =#REF!+#REF!+#REF!+#REF! -> #REF! | Y26: =V26-X26 -> #REF!
A27: 20 | B27: КГУ ОШ с.Ортагаш | C27: ='[1]Свод '!$J$26/1000 -> 4381.3014 | D27: =(C27-C27*10%)*6% -> 236.59027 | E27: =(C27-C27*10%)*3.5% -> 138.01099 | F27: =C27*2% -> 87.626027 | G27: ='[3]Свод '!$L$46 -> 80499.569 | H27: =G27/12 -> 6708.2974 | I27: =(G27-G27*10%)*6% -> 4346.9767 | J27: =(G27-G27*10%)*3.5% -> 2535.7364 | K27: =G27*3% -> 2414.9871 | L27: =G27+I27+J27+K27+H27 -> 96505.567 | M27: =[2]Лист2!$AC$25 -> 3306.32 | N27: 1240.5 | O27: =360+184 -> 544 | P27: 150 | V27: =L27+M27+N27+O27+P27+S27+R27+T27+U27+Q27 -> 101746.39 | W27: =M27/7 -> 472.33143 | X27: =#REF!+#REF!+#REF!+#REF! -> #REF! | Y27: =V27-X27 -> #REF!
A28: 21 | B28: КГУ ОСШ с.Ортак | C28: ='[1]Свод '!$J$25/1000 -> 6848.2696 | D28: =(C28-C28*10%)*6% -> 369.80656 | E28: =(C28-C28*10%)*3.5% -> 215.72049 | F28: =C28*2% -> 136.96539 | G28: ='[3]Свод '!$L$27 -> 127163.29 | H28: =G28/12 -> 10596.94 | I28: =(G28-G28*10%)*6% -> 6866.8174 | J28: =(G28-G28*10%)*3.5% -> 4005.6435 | K28: =G28*3% -> 3814.8986 | L28: =G28+I28+J28+K28+H28 -> 152447.58 | M28: =[2]Лист2!$AC$26 -> 3253.04 | N28: 599.1 | O28: =133+184 -> 317 | P28: 62.5 | V28: =L28+M28+N28+O28+P28+S28+R28+T28+U28+Q28 -> 156679.22 | W28: =M28/7 -> 464.72 | X28: =#REF!+#REF!+#REF!+#REF! -> #REF! | Y28: =V28-X28 -> #REF!
A29: 22 | B29: КГУ ОСШ с.Приречное | C29: ='[1]Свод '!$J$31/1000 -> 7591.4034 | D29: =(C29-C29*10%)*6% -> 409.93578 | E29: =(C29-C29*10%)*3.5% -> 239.12921 | F29: =C29*2% -> 151.82807 | G29: ='[3]Свод '!$L$31 -> 135055.53 | H29: =G29/12 -> 11254.628 | I29: =(G29-G29*10%)*6% -> 7292.9987 | J29: =(G29-G29*10%)*3.5% -> 4254.2493 | K29: =G29*3% -> 4051.666 | L29: =G29+I29+J29+K29+H29 -> 161909.07 | M29: =[2]Лист2!$AC$27 -> 4768.856 | N29: 1107.1 | O29: =1680+276 -> 1956 | P29: 125 | R29: =3937*205/1000 -> 807.085 | V29: =L29+M29+N29+O29+P29+S29+R29+T29+U29+Q29 -> 170673.11 | W29: =M29/7 -> 681.26514 | X29: =#REF!+#REF!+#REF!+#REF! -> #REF! | Y29: =V29-X29 -> #REF!
A30: 23 | B30: КГУ ОСШ с.Озен | C30: ='[1]Свод '!$J$27/1000 -> 8205.6326 | D30: =(C30-C30*10%)*6% -> 443.10416 | E30: =(C30-C30*10%)*3.5% -> 258.47743 | F30: =C30*2% -> 164.11265 | G30: ='[3]Свод '!$L$28 -> 132488.85 | H30: =G30/12 -> 11040.738 | I30: =(G30-G30*10%)*6% -> 7154.398 | J30: =(G30-G30*10%)*3.5% -> 4173.3988 | K30: =G30*3% -> 3974.6656 | L30: =G30+I30+J30+K30+H30 -> 158832.05 | M30: =[2]Лист2!$AC$28 -> 5524.248 | N30: 718.8 | O30: =600+276 -> 876 | P30: 62.5 | V30: =L30+M30+N30+O30+P30+S30+R30+T30+U30+Q30 -> 166013.6 | W30: =M30/7 -> 789.17829 | X30: =#REF!+#REF!+#REF!+#REF! -> #REF! | Y30: =V30-X30 -> #REF!
A31: 24 | B31: КГУ ОСШ с.Садовое | C31: ='[1]Свод '!$J$28/1000 -> 9770.7608 | D31: =(C31-C31*10%)*6% -> 527.62108 | E31: =(C31-C31*10%)*3.5% -> 307.77897 | F31: =C31*2% -> 195.41522 | G31: ='[3]Свод '!$L$29 -> 193173.47 | H31: =G31/12 -> 16097.789 | I31: =(G31-G31*10%)*6% -> 10431.368 | J31: =(G31-G31*10%)*3.5% -> 6084.9644 | K31: =G31*3% -> 5795.2042 | L31: =G31+I31+J31+K31+H31 -> 231582.8 | M31: =[2]Лист2!$AC$29 -> 2644.464 | N31: 1376.6 | O31: =1120.2+276 -> 1396.2 | P31: 62.5 | V31: =L31+M31+N31+O31+P31+S31+R31+T31+U31+Q31 -> 237062.56 | W31: =M31/7 -> 377.78057 | X31: =#REF!+#REF!+#REF!+#REF! -> #REF! | Y31: =V31-X31 -> #REF!
A32: 25 | B32: КГУ ОСШ с.Сейфулино | C32: ='[1]Свод '!$J$32/1000 -> 6678.49 | D32: =(C32-C32*10%)*6% -> 360.63846 | E32: =(C32-C32*10%)*3.5% -> 210.37244 | F32: =C32*2% -> 133.5698 | G32: ='[3]Свод '!$L$32 -> 131189.41 | H32: =G32/12 -> 10932.451 | I32: =(G32-G32*10%)*6% -> 7084.2284 | J32: =(G32-G32*10%)*3.5% -> 4132.4665 | K32: =G32*3% -> 3935.6824 | L32: =G32+I32+J32+K32+H32 -> 157274.24 | M32: =[2]Лист2!$AC$30 -> 9072.4 | N32: 1231 | O32: =840+276 -> 1116 | P32: 62.5 | V32: =L32+M32+N32+O32+P32+S32+R32+T32+U32+Q32 -> 168756.14 | W32: =M32/7 -> 1296.0571 | X32: =#REF!+#REF!+#REF!+#REF! -> #REF! | Y32: =V32-X32 -> #REF!
A33: 26 | B33: КГУ ОСШ с.Симферополь | C33: ='[1]Свод '!$J$29/1000 -> 10489.089 | D33: =(C33-C33*10%)*6% -> 566.4108 | E33: =(C33-C33*10%)*3.5% -> 330.4063 | F33: =C33*2% -> 209.78178 | G33: ='[3]Свод '!$L$30 -> 176236.64 | H33: =G33/12 -> 14686.387 | I33: =(G33-G33*10%)*6% -> 9516.7786 | J33: =(G33-G33*10%)*3.5% -> 5551.4542 | K33: =G33*3% -> 5287.0992 | L33: =G33+I33+J33+K33+H33 -> 211278.36 | M33: =[2]Лист2!$AC$31 -> 3895.36 | N33: 1912.2 | O33: =1283.4+276 -> 1559.4 | P33: 100 | Q33: 145 | R33: =1712*205/1000 -> 350.96 | V33: =L33+M33+N33+O33+P33+S33+R33+T33+U33+Q33 -> 219241.28 | W33: =M33/7 -> 556.48 | X33: =#REF!+#REF!+#REF!+#REF! -> #REF! | Y33: =V33-X33 -> #REF!
A34: 27 | B34: КГУ ОШ с.Троицк | C34: ='[1]Свод '!$J$30/1000 -> 6201.4423 | D34: =(C34-C34*10%)*6% -> 334.87788 | E34: =(C34-C34*10%)*3.5% -> 195.34543 | F34: =C34*2% -> 124.02885 | G34: ='[3]Свод '!$L$45 -> 75470.621 | H34: =G34/12 -> 6289.2184 | I34: =(G34-G34*10%)*6% -> 4075.4135 | J34: =(G34-G34*10%)*3.5% -> 2377.3246 | K34: =G34*3% -> 2264.1186 | L34: =G34+I34+J34+K34+H34 -> 90476.696 | M34: =[2]Лист2!$AC$32 -> 10253.44 | N34: 1101 | O34: 276 | P34: 150 | V34: =L34+M34+N34+O34+P34+S34+R34+T34+U34+Q34 -> 102257.14 | W34: =M34/7 -> 1464.7771 | X34: =#REF!+#REF!+#REF!+#REF! -> #REF! | Y34: =V34-X34 -> #REF!
A35: 28 | B35: КГУ ОСШ с.Шагалалы | C35: 16253 | D35: =(C35-C35*10%)*6% -> 877.662 | E35: =(C35-C35*10%)*3.5% -> 511.9695 | F35: =C35*2% -> 325.06 | G35: ='[3]Свод '!$L$33 -> 283571.46 | H35: =G35/12 -> 23630.955 | I35: =(G35-G35*10%)*6% -> 15312.859 | J35: =(G35-G35*10%)*3.5% -> 8932.501 | K35: =G35*3% -> 8507.1438 | L35: =G35+I35+J35+K35+H35 -> 339954.92 | M35: =[2]Лист2!$AC$33 -> 7772.96 | N35: 2409.9 | O35: 948 | P35: 187.5 | Q35: 189 | V35: =L35+M35+N35+O35+P35+S35+R35+T35+U35+Q35 -> 351462.28 | W35: =M35/7 -> 1110.4229 | X35: =#REF!+#REF!+#REF!+#REF! -> #REF! | Y35: =V35-X35 -> #REF!
A36: 29 | B36: КГУ ОШ с.Азат | C36: ='[1]Свод '!$J$34/1000 -> 6468.2395 | D36: =(C36-C36*10%)*6% -> 349.28493 | E36: =(C36-C36*10%)*3.5% -> 203.74955 | F36: =C36*2% -> 129.36479 | G36: ='[3]Свод '!$L$34 -> 105859.82 | H36: =G36/12 -> 8821.6519 | I36: =(G36-G36*10%)*6% -> 5716.4304 | J36: =(G36-G36*10%)*3.5% -> 3334.5844 | K36: =G36*3% -> 3175.7947 | L36: =G36+I36+J36+K36+H36 -> 126908.28 | M36: =[2]Лист2!$AC$34 -> 2617.232 | N36: 2633.5 | O36: =493+92+92 -> 677 | P36: 62.5 | V36: =L36+M36+N36+O36+P36+S36+R36+T36+U36+Q36 -> 132898.52 | W36: =M36/7 -> 373.89029 | X36: =#REF!+#REF!+#REF!+#REF! -> #REF! | Y36: =V36-X36 -> #REF!
A37: 30 | B37: КГУ ОШ с.Айдарлы | C37: ='[1]Свод '!$J$36/1000 -> 4405.815 | D37: =(C37-C37*10%)*6% -> 237.91401 | E37: =(C37-C37*10%)*3.5% -> 138.78317 | F37: =C37*2% -> 88.116301 | G37: ='[3]Свод '!$L$36 -> 70924.917 | H37: =G37/12 -> 5910.4098 | I37: =(G37-G37*10%)*6% -> 3829.9455 | J37: =(G37-G37*10%)*3.5% -> 2234.1349 | K37: =G37*3% -> 2127.7475 | L37: =G37+I37+J37+K37+H37 -> 85027.155 | M37: =[2]Лист2!$AC$35 -> 5905.2 | N37: 1491 | O37: 276 | P37: 150 | Q37: 145 | V37: =L37+M37+N37+O37+P37+S37+R37+T37+U37+Q37 -> 92994.355 | W37: =M37/7 -> 843.6 | X37: =#REF!+#REF!+#REF!+#REF! -> #REF! | Y37: =V37-X37 -> #REF!
A38: 31 | B38: КГУ ОШ с.Акан | C38: ='[1]Свод '!$J$35/1000 -> 3807.9689 | D38: =(C38-C38*10%)*6% -> 205.63032 | E38: =(C38-C38*10%)*3.5% -> 119.95102 | F38: =C38*2% -> 76.159379 | G38: ='[3]Свод '!$L$35 -> 82617.32 | H38: =G38/12 -> 6884.7766 | I38: =(G38-G38*10%)*6% -> 4461.3353 | J38: =(G38-G38*10%)*3.5% -> 2602.4456 | K38: =G38*3% -> 2478.5196 | L38: =G38+I38+J38+K38+H38 -> 99044.397 | M38: =[2]Лист2!$AC$36 -> 5082.32 | N38: 291 | O38: 184 | P38: 62.5 | V38: =L38+M38+N38+O38+P38+S38+R38+T38+U38+Q38 -> 104664.22 | W38: =M38/7 -> 726.04571 | X38: =#REF!+#REF!+#REF!+#REF! -> #REF! | Y38: =V38-X38 -> #REF!
A39: 32 | B39: КГУ ОСШ с.Байтерек | C39: ='[1]Свод '!$J$39/1000 -> 7587.0913 | D39: =(C39-C39*10%)*6% -> 409.70293 | E39: =(C39-C39*10%)*3.5% -> 238.99338 | F39: =C39*2% -> 151.74183 | G39: ='[3]Свод '!$L$14 -> 121145.33 | H39: =G39/12 -> 10095.444 | I39: =(G39-G39*10%)*6% -> 6541.8476 | J39: =(G39-G39*10%)*3.5% -> 3816.0778 | K39: =G39*3% -> 3634.3598 | L39: =G39+I39+J39+K39+H39 -> 145233.06 | M39: =[2]Лист2!$AC$37 -> 6914.56 | N39: 669.6 | O39: =208.2+276 -> 484.2 | Q39: 145 | V39: =L39+M39+N39+O39+P39+S39+R39+T39+U39+Q39 -> 153446.42 | W39: =M39/7 -> 987.79429 | X39: =#REF!+#REF!+#REF!+#REF! -> #REF! | Y39: =V39-X39 -> #REF!
A40: 33 | B40: КГУ ОШ с. Баратай | C40: ='[1]Свод '!$J$38/1000 -> 4116.4667 | D40: =(C40-C40*10%)*6% -> 222.2892 | E40: =(C40-C40*10%)*3.5% -> 129.6687 | F40: =C40*2% -> 82.329334 | G40: ='[3]Свод '!$L$37 -> 59440.392 | H40: =G40/12 -> 4953.366 | I40: =(G40-G40*10%)*6% -> 3209.7811 | J40: =(G40-G40*10%)*3.5% -> 1872.3723 | K40: =G40*3% -> 1783.2117 | L40: =G40+I40+J40+K40+H40 -> 71259.123 | M40: =[2]Лист2!$AC$38 -> 7624.96 | N40: 641.3 | O40: =131+184 -> 315 | P40: 62.5 | V40: =L40+M40+N40+O40+P40+S40+R40+T40+U40+Q40 -> 79902.883 | W40: =M40/7 -> 1089.28 | X40: =#REF!+#REF!+#REF!+#REF! -> #REF! | Y40: =V40-X40 -> #REF!
A41: 34 | B41: КГУ ОШ с.Васильковка | C41: ='[1]Свод '!$J$41/1000 -> 8241.4684 | D41: =(C41-C41*10%)*6% -> 445.03929 | E41: =(C41-C41*10%)*3.5% -> 259.60625 | F41: =C41*2% -> 164.82937 | G41: ='[3]Свод '!$L$39 -> 152751.07 | H41: =G41/12 -> 12729.256 | I41: =(G41-G41*10%)*6% -> 8248.5578 | J41: =(G41-G41*10%)*3.5% -> 4811.6587 | K41: =G41*3% -> 4582.5321 | L41: =G41+I41+J41+K41+H41 -> 183123.08 | M41: =[2]Лист2!$AC$40 -> 3492.8 | N41: 855.6 | O41: 428 | P41: 400 | V41: =L41+M41+N41+O41+P41+S41+R41+T41+U41+Q41 -> 188299.48 | W41: =M41/7 -> 498.97143 | X41: =#REF!+#REF!+#REF!+#REF! -> #REF! | Y41: =V41-X41 -> #REF!
A42: 35 | B42: КГУ ОШ с.Гранитное | C42: ='[1]Свод '!$J$42/1000 -> 6425.0795 | D42: =(C42-C42*10%)*6% -> 346.95429 | E42: =(C42-C42*10%)*3.5% -> 202.39001 | F42: =C42*2% -> 128.50159 | G42: ='[3]Свод '!$L$40 -> 118377.91 | H42: =G42/12 -> 9864.8256 | I42: =(G42-G42*10%)*6% -> 6392.407 | J42: =(G42-G42*10%)*3.5% -> 3728.9041 | K42: =G42*3% -> 3551.3372 | L42: =G42+I42+J42+K42+H42 -> 141915.38 | M42: 5474 | N42: 555 | O42: 276 | P42: 112.5 | V42: =L42+M42+N42+O42+P42+S42+R42+T42+U42+Q42 -> 148332.88 | W42: =M42/7 -> 782 | X42: =#REF!+#REF!+#REF!+#REF! -> #REF! | Y42: =V42-X42 -> #REF!
A43: 36 | B43: КГУ ОШ с.Донгулагаш | C43: ='[1]Свод '!$J$43/1000 -> 3725.8337 | D43: =(C43-C43*10%)*6% -> 201.19502 | E43: =(C43-C43*10%)*3.5% -> 117.36376 | F43: =C43*2% -> 74.516675 | G43: ='[3]Свод '!$L$41 -> 83360.683 | H43: =G43/12 -> 6946.7236 | I43: =(G43-G43*10%)*6% -> 4501.4769 | J43: =(G43-G43*10%)*3.5% -> 2625.8615 | K43: =G43*3% -> 2500.8205 | L43: =G43+I43+J43+K43+H43 -> 99935.565 | M43: =[2]Лист2!$AC$41 -> 1231.36 | N43: 367.9 | O43: 184 | P43: 62.5 | V43: =L43+M43+N43+O43+P43+S43+R43+T43+U43+Q43 -> 101781.33 | W43: =M43/7 -> 175.90857 | X43: =#REF!+#REF!+#REF!+#REF! -> #REF! | Y43: =V43-X43 -> #REF!
A44: 37 | B44: КГУ ОШ с.Жолдыбай | C44: ='[1]Свод '!$J$45/1000 -> 3701.8287 | D44: =(C44-C44*10%)*6% -> 199.89875 | E44: =(C44-C44*10%)*3.5% -> 116.6076 | F44: =C44*2% -> 74.036574 | G44: ='[3]Свод '!$L$43 -> 65275.457 | H44: =G44/12 -> 5439.6214 | I44: =(G44-G44*10%)*6% -> 3524.8747 | J44: =(G44-G44*10%)*3.5% -> 2056.1769 | K44: =G44*3% -> 1958.2637 | L44: =G44+I44+J44+K44+H44 -> 78254.394 | M44: =[2]Лист2!$AC$42 -> 1156.768 | N44: 297.3 | O44: 184 | P44: 75 | V44: =L44+M44+N44+O44+P44+S44+R44+T44+U44+Q44 -> 79967.462 | W44: =M44/7 -> 165.25257 | X44: =#REF!+#REF!+#REF!+#REF! -> #REF! | Y44: =V44-X44 -> #REF!
A45: 38 | B45: КГУ ОШ с.Жылымды | C45: ='[1]Свод '!$J$46/1000 -> 4431.6803 | D45: =(C45-C45*10%)*6% -> 239.31074 | E45: =(C45-C45*10%)*3.5% -> 139.59793 | F45: =C45*2% -> 88.633607 | G45: ='[3]Свод '!$L$44 -> 74040.308 | H45: =G45/12 -> 6170.0257 | I45: =(G45-G45*10%)*6% -> 3998.1766 | J45: =(G45-G45*10%)*3.5% -> 2332.2697 | K45: =G45*3% -> 2221.2092 | L45: =G45+I45+J45+K45+H45 -> 88761.989 | M45: =[2]Лист2!$AC$43 -> 6076.88 | N45: 2052.8 | O45: 184 | P45: 62.5 | V45: =L45+M45+N45+O45+P45+S45+R45+T45+U45+Q45 -> 97138.169 | W45: =M45/7 -> 868.12571 | X45: =#REF!+#REF!+#REF!+#REF! -> #REF! | Y45: =V45-X45 -> #REF!
A46: 39 | B46: КГУ ОШ с.Зереченое | C46: ='[1]Свод '!$J$44/1000 -> 5387.8751 | D46: =(C46-C46*10%)*6% -> 290.94526 | E46: =(C46-C46*10%)*3.5% -> 169.71807 | F46: =C46*2% -> 107.7575 | G46: ='[3]Свод '!$L$42 -> 97706.213 | H46: =G46/12 -> 8142.1844 | I46: =(G46-G46*10%)*6% -> 5276.1355 | J46: =(G46-G46*10%)*3.5% -> 3077.7457 | K46: =G46*3% -> 2931.1864 | L46: =G46+I46+J46+K46+H46 -> 117133.47 | M46: =[2]Лист2!$AC$44 -> 2702.48 | N46: 501.3 | O46: =360+184 -> 544 | P46: 75 | V46: =L46+M46+N46+O46+P46+S46+R46+T46+U46+Q46 -> 120956.25 | W46: =M46/7 -> 386.06857 | X46: =#REF!+#REF!+#REF!+#REF! -> #REF! | Y46: =V46-X46 -> #REF!
A47: 40 | B47: КГУ ОШ с.Канайби | C47: ='[1]Свод '!$J$40/1000 -> 4508.8782 | D47: =(C47-C47*10%)*6% -> 243.47943 | E47: =(C47-C47*10%)*3.5% -> 142.02966 | F47: =C47*2% -> 90.177565 | G47: ='[3]Свод '!$L$38 -> 75862.352 | H47: =G47/12 -> 6321.8627 | I47: =(G47-G47*10%)*6% -> 4096.567 | J47: =(G47-G47*10%)*3.5% -> 2389.6641 | K47: =G47*3% -> 2275.8706 | L47: =G47+I47+J47+K47+H47 -> 90946.317 | M47: =[2]Лист2!$AC$46 -> 6799.12 | N47: 671 | O47: =209+184 -> 393 | P47: 150 | V47: =L47+M47+N47+O47+P47+S47+R47+T47+U47+Q47 -> 98959.437 | W47: =M47/7 -> 971.30286 | X47: =#REF!+#REF!+#REF!+#REF! -> #REF! | Y47: =V47-X47 -> #REF!
A48: 41 | B48: КГУ ОШ с.Кенеоткель | C48: ='[1]Свод '!$J$53/1000 -> 3357.7147 | D48: =(C48-C48*10%)*6% -> 181.3166 | E48: =(C48-C48*10%)*3.5% -> 105.76801 | F48: =C48*2% -> 67.154295 | G48: ='[3]Свод '!$L$49 -> 52928.467 | H48: =G48/12 -> 4410.7056 | I48: =(G48-G48*10%)*6% -> 2858.1372 | J48: =(G48-G48*10%)*3.5% -> 1667.2467 | K48: =G48*3% -> 1587.854 | L48: =G48+I48+J48+K48+H48 -> 63452.411 | M48: =[2]Лист2!$AC$48 -> 1323.416 | N48: 209.1 | O48: =208.3+92 -> 300.3 | P48: 75 | V48: =L48+M48+N48+O48+P48+S48+R48+T48+U48+Q48 -> 65360.227 | W48: =M48/7 -> 189.05943 | X48: =#REF!+#REF!+#REF!+#REF! -> #REF! | Y48: =V48-X48 -> #REF!
A49: 42 | B49: КГУ ОШ с.Костомаровка | C49: ='[1]Свод '!$J$48/1000 -> 3733.4605 | D49: =(C49-C49*10%)*6% -> 201.60687 | E49: =(C49-C49*10%)*3.5% -> 117.60401 | F49: =C49*2% -> 74.669211 | G49: ='[3]Свод '!$L$55 -> 22547.418 | H49: =G49/12 -> 1878.9515 | I49: =(G49-G49*10%)*6% -> 1217.5606 | J49: =(G49-G49*10%)*3.5% -> 710.24366 | K49: =G49*3% -> 676.42253 | L49: =G49+I49+J49+K49+H49 -> 27030.596 | M49: =[2]Лист2!$AC$50 -> 3778.736 | N49: 1533 | O49: =360+184 -> 544 | P49: 62.5 | V49: =L49+M49+N49+O49+P49+S49+R49+T49+U49+Q49 -> 32948.832 | W49: =M49/7 -> 539.81943 | X49: =#REF!+#REF!+#REF!+#REF! -> #REF! | Y49: =V49-X49 -> #REF!
A50: 43 | B50: КГУ ОШ с.Красный кордон | C50: ='[1]Свод '!$J$51/1000 -> 5683.7803 | D50: =(C50-C50*10%)*6% -> 306.92414 | E50: =(C50-C50*10%)*3.5% -> 179.03908 | F50: =C50*2% -> 113.67561 | G50: ='[3]Свод '!$L$47 -> 117505.87 | H50: =G50/12 -> 9792.1559 | I50: =(G50-G50*10%)*6% -> 6345.3171 | J50: =(G50-G50*10%)*3.5% -> 3701.4349 | K50: =G50*3% -> 3525.1761 | L50: =G50+I50+J50+K50+H50 -> 140869.96 | M50: 3927 | N50: 1158.7 | O50: 222 | P50: 187.5 | Q50: 160 | R50: 1416 | V50: =L50+M50+N50+O50+P50+S50+R50+T50+U50+Q50 -> 147941.16 | W50: =M50/7 -> 561 | X50: =#REF!+#REF!+#REF!+#REF! -> #REF! | Y50: =V50-X50 -> #REF!
A51: 44 | B51: КГУ ОШ с.Кызылегис | C51: ='[1]Свод '!$J$52/1000 -> 3830.8684 | D51: =(C51-C51*10%)*6% -> 206.86689 | E51: =(C51-C51*10%)*3.5% -> 120.67236 | F51: =C51*2% -> 76.617368 | G51: ='[3]Свод '!$L$48 -> 44261.867 | H51: =G51/12 -> 3688.4889 | I51: =(G51-G51*10%)*6% -> 2390.1408 | J51: =(G51-G51*10%)*3.5% -> 1394.2488 | K51: =G51*3% -> 1327.856 | L51: =G51+I51+J51+K51+H51 -> 53062.602 | M51: =[2]Лист2!$AC$52 -> 5415.32 | N51: 659.8 | O51: =208.3+184 -> 392.3 | P51: 125 | V51: =L51+M51+N51+O51+P51+S51+R51+T51+U51+Q51 -> 59655.022 | W51: =M51/7 -> 773.61714 | X51: =#REF!+#REF!+#REF!+#REF! -> #REF! | Y51: =V51-X51 -> #REF!
A52: 45 | B52: КГУ ОШ с.Малотюкты | C52: ='[1]Свод '!$J$55/1000 -> 4295.9332 | D52: =(C52-C52*10%)*6% -> 231.98039 | E52: =(C52-C52*10%)*3.5% -> 135.3219 | F52: =C52*2% -> 85.918664 | G52: ='[3]Свод '!$L$50 -> 94163.458 | H52: =G52/12 -> 7846.9548 | I52: =(G52-G52*10%)*6% -> 5084.8267 | J52: =(G52-G52*10%)*3.5% -> 2966.1489 | K52: =G52*3% -> 2824.9037 | L52: =G52+I52+J52+K52+H52 -> 112886.29 | M52: =[2]Лист2!$AC$53 -> 441.04 | N52: 321.1 | O52: 184 | P52: 150 | R52: =2133*205/1000 -> 437.265 | V52: =L52+M52+N52+O52+P52+S52+R52+T52+U52+Q52 -> 114419.7 | W52: =M52/7 -> 63.005714 | X52: =#REF!+#REF!+#REF!+#REF! -> #REF! | Y52: =V52-X52 -> #REF!
A53: 46 | B53: КГУ ОШ с.Ескенижал | C53: ='[1]Свод '!$J$56/1000 -> 3834.7523 | D53: =(C53-C53*10%)*6% -> 207.07662 | E53: =(C53-C53*10%)*3.5% -> 120.7947 | F53: =C53*2% -> 76.695046 | G53: ='[3]Свод '!$L$51 -> 48256.51 | H53: =G53/12 -> 4021.3758 | I53: =(G53-G53*10%)*6% -> 2605.8515 | J53: =(G53-G53*10%)*3.5% -> 1520.0801 | K53: =G53*3% -> 1447.6953 | L53: =G53+I53+J53+K53+H53 -> 57851.513 | M53: =[2]Лист2!$AC$54 -> 367.928 | N53: 60.2 | O53: 184 | P53: 62.5 | R53: =1902*205/1000 -> 389.91 | V53: =L53+M53+N53+O53+P53+S53+R53+T53+U53+Q53 -> 58916.051 | W53: =M53/7 -> 52.561143 | X53: =#REF!+#REF!+#REF!+#REF! -> #REF! | Y53: =V53-X53 -> #REF!
A54: 47 | B54: КГУ ОШ с.Малика Габдуллина | C54: ='[1]Свод '!$J$57/1000 -> 7420.7923 | D54: =(C54-C54*10%)*6% -> 400.72279 | E54: =(C54-C54*10%)*3.5% -> 233.75496 | F54: =C54*2% -> 148.41585 | G54: ='[3]Свод '!$L$52 -> 119840.43 | H54: =G54/12 -> 9986.7023 | I54: =(G54-G54*10%)*6% -> 6471.3831 | J54: =(G54-G54*10%)*3.5% -> 3774.9735 | K54: =G54*3% -> 3595.2128 | L54: =G54+I54+J54+K54+H54 -> 143668.7 | M54: =[2]Лист2!$AC$55 -> 5511.52 | N54: 1003.1 | O54: 432 | P54: 150 | Q54: 145 | V54: =L54+M54+N54+O54+P54+S54+R54+T54+U54+Q54 -> 150910.32 | W54: =M54/7 -> 787.36 | X54: =#REF!+#REF!+#REF!+#REF! -> #REF! | Y54: =V54-X54 -> #REF!
A55: 48 | B55: КГУ ОШ с.Уголки | C55: ='[1]Свод '!$J$58/1000 -> 3217.4119 | D55: =(C55-C55*10%)*6% -> 173.74024 | E55: =(C55-C55*10%)*3.5% -> 101.34848 | F55: =C55*2% -> 64.348238 | G55: ='[3]Свод '!$L$53 -> 50180.778 | H55: =G55/12 -> 4181.7315 | I55: =(G55-G55*10%)*6% -> 2709.762 | J55: =(G55-G55*10%)*3.5% -> 1580.6945 | K55: =G55*3% -> 1505.4233 | L55: =G55+I55+J55+K55+H55 -> 60158.389 | M55: =[2]Лист2!$AC$56 -> 586.08 | N55: 250 | O55: 184 | P55: 62.5 | V55: =L55+M55+N55+O55+P55+S55+R55+T55+U55+Q55 -> 61240.969 | W55: =M55/7 -> 83.725714 | X55: =#REF!+#REF!+#REF!+#REF! -> #REF! | Y55: =V55-X55 -> #REF!
A56: 49 | B56: КГУ ОШ ст.Чаглинска | C56: ='[1]Свод '!$J$59/1000 -> 8821.5753 | D56: =(C56-C56*10%)*6% -> 476.36507 | E56: =(C56-C56*10%)*3.5% -> 277.87962 | F56: =C56*2% -> 176.43151 | G56: ='[3]Свод '!$L$54 -> 162178.65 | H56: =G56/12 -> 13514.888 | I56: =(G56-G56*10%)*6% -> 8757.6472 | J56: =(G56-G56*10%)*3.5% -> 5108.6276 | K56: =G56*3% -> 4865.3596 | L56: =G56+I56+J56+K56+H56 -> 194425.17 | M56: 3584 | N56: 1875.6 | O56: 1064 | P56: 290 | Q56: 165 | R56: 987 | V56: =L56+M56+N56+O56+P56+S56+R56+T56+U56+Q56 -> 202390.77 | W56: =M56/7 -> 512 | X56: =#REF!+#REF!+#REF!+#REF! -> #REF! | Y56: =V56-X56 -> #REF!
A57: 50 | B57: КГУ НШ с.Жанаул | C57: ='[1]Свод '!$J$61/1000 -> 1148.8545 | D57: =(C57-C57*10%)*6% -> 62.038141 | E57: =(C57-C57*10%)*3.5% -> 36.188916 | F57: =C57*2% -> 22.977089 | G57: ='[3]Свод '!$L$57 -> 25341.421 | H57: =G57/12 -> 2111.7851 | I57: =(G57-G57*10%)*6% -> 1368.4367 | J57: =(G57-G57*10%)*3.5% -> 798.25476 | K57: =G57*3% -> 760.24263 | L57: =G57+I57+J57+K57+H57 -> 30380.14 | M57: 320 | N57: 75.8 | O57: =403.2+92 -> 495.2 | V57: =L57+M57+N57+O57+P57+S57+R57+T57+U57+Q57 -> 31271.14 | W57: =M57/7 -> 45.714286 | X57: =#REF!+#REF!+#REF!+#REF! -> #REF! | Y57: =V57-X57 -> #REF!
A58: 51 | B58: КГУ НШ с.Ивановка | C58: ='[1]Свод '!$J$63/1000 -> 1032.8425 | D58: =(C58-C58*10%)*6% -> 55.773497 | E58: =(C58-C58*10%)*3.5% -> 32.53454 | F58: =C58*2% -> 20.656851 | G58: ='[3]Свод '!$L$59 -> 21955.92 | H58: =G58/12 -> 1829.66 | I58: =(G58-G58*10%)*6% -> 1185.6197 | J58: =(G58-G58*10%)*3.5% -> 691.6115 | K58: =G58*3% -> 658.67761 | L58: =G58+I58+J58+K58+H58 -> 26321.489 | M58: =[2]Лист2!$AC$59 -> 331.52 | N58: 153 | O58: =132+92 -> 224 | P58: 12.5 | V58: =L58+M58+N58+O58+P58+S58+R58+T58+U58+Q58 -> 27042.509 | W58: =M58/7 -> 47.36 | X58: =#REF!+#REF!+#REF!+#REF! -> #REF! | Y58: =V58-X58 -> #REF!
A59: 52 | B59: КГУ НШ с.Павловка | C59: ='[1]Свод '!$J$62/1000 -> 1161.6304 | D59: =(C59-C59*10%)*6% -> 62.728039 | E59: =(C59-C59*10%)*3.5% -> 36.591356 | F59: =C59*2% -> 23.232607 | G59: ='[3]Свод '!$L$58 -> 24991.92 | H59: =G59/12 -> 2082.66 | I59: =(G59-G59*10%)*6% -> 1349.5637 | J59: =(G59-G59*10%)*3.5% -> 787.24548 | K59: =G59*3% -> 749.7576 | L59: =G59+I59+J59+K59+H59 -> 29961.147 | M59: =[2]Лист2!$AC$64 -> 2134.16 | N59: 411 | O59: =359.8+92 -> 451.8 | P59: 62.5 | V59: =L59+M59+N59+O59+P59+S59+R59+T59+U59+Q59 -> 33020.607 | W59: =M59/7 -> 304.88 | X59: =#REF!+#REF!+#REF!+#REF! -> #REF! | Y59: =V59-X59 -> #REF!
A60: 53 | B60: КГУ НШ с.Карагай | C60: ='[1]Свод '!$J$67/1000 -> 1292.3081 | D60: =(C60-C60*10%)*6% -> 69.784639 | E60: =(C60-C60*10%)*3.5% -> 40.707706 | F60: =C60*2% -> 25.846163 | G60: ='[3]Свод '!$L$62 -> 19383.022 | H60: =G60/12 -> 1615.2519 | I60: =(G60-G60*10%)*6% -> 1046.6832 | J60: =(G60-G60*10%)*3.5% -> 610.56521 | K60: =G60*3% -> 581.49067 | L60: =G60+I60+J60+K60+H60 -> 23237.013 | M60: =[2]Лист2!$AC$60 -> 867.28 | N60: 160 | O60: 132 | V60: =L60+M60+N60+O60+P60+S60+R60+T60+U60+Q60 -> 24396.293 | W60: =M60/7 -> 123.89714 | X60: =#REF!+#REF!+#REF!+#REF! -> #REF! | Y60: =V60-X60 -> #REF!
A61: 54 | B61: КГУ НШ с.Караузек | C61: ='[1]Свод '!$J$64/1000 -> 869.21373 | D61: =(C61-C61*10%)*6% -> 46.937541 | E61: =(C61-C61*10%)*3.5% -> 27.380232 | F61: =C61*2% -> 17.384275 | G61: ='[3]Свод '!$L$60 -> 18001.303 | H61: =G61/12 -> 1500.1086 | I61: =(G61-G61*10%)*6% -> 972.07038 | J61: =(G61-G61*10%)*3.5% -> 567.04106 | K61: =G61*3% -> 540.0391 | L61: =G61+I61+J61+K61+H61 -> 21580.563 | M61: =[2]Лист2!$AC$61 -> 1309.504 | N61: 58.6 | O61: 184 | P61: 12.5 | V61: =L61+M61+N61+O61+P61+S61+R61+T61+U61+Q61 -> 23145.167 | W61: =M61/7 -> 187.072 | X61: =#REF!+#REF!+#REF!+#REF! -> #REF! | Y61: =V61-X61 -> #REF!
A62: 55 | B62: КГУ НШ с.Карсак | C62: ='[1]Свод '!$J$65/1000 -> 1154.8103 | D62: =(C62-C62*10%)*6% -> 62.359756 | E62: =(C62-C62*10%)*3.5% -> 36.376524 | F62: =C62*2% -> 23.096206 | G62: 20209.714 | H62: =G62/12 -> 1684.1429 | I62: =(G62-G62*10%)*6% -> 1091.3246 | J62: =(G62-G62*10%)*3.5% -> 636.606 | K62: =G62*3% -> 606.29143 | L62: =G62+I62+J62+K62+H62 -> 24228.079 | M62: 601 | N62: 90.6 | O62: 184 | P62: 62.5 | V62: =L62+M62+N62+O62+P62+S62+R62+T62+U62+Q62 -> 25166.179 | W62: =M62/7 -> 85.857143 | X62: =#REF!+#REF!+#REF!+#REF! -> #REF! | Y62: =V62-X62 -> #REF!
A63: 56 | B63: КГУ НШ с.Красиловка | C63: ='[1]Свод '!$J$60/1000 -> 1565.6191 | D63: =(C63-C63*10%)*6% -> 84.543432 | E63: =(C63-C63*10%)*3.5% -> 49.317002 | F63: =C63*2% -> 31.312382 | G63: ='[3]Свод '!$L$56 -> 29627.27 | H63: =G63/12 -> 2468.9391 | I63: =(G63-G63*10%)*6% -> 1599.8726 | J63: =(G63-G63*10%)*3.5% -> 933.25899 | K63: =G63*3% -> 888.81809 | L63: =G63+I63+J63+K63+H63 -> 35518.158 | M63: =[2]Лист2!$AC$63 -> 1217.152 | N63: 73.8 | O63: =416.6+208+184 -> 808.6 | P63: 75 | Q63: 145 | V63: =L63+M63+N63+O63+P63+S63+R63+T63+U63+Q63 -> 37837.71 | W63: =M63/7 -> 173.87886 | X63: =#REF!+#REF!+#REF!+#REF! -> #REF! | Y63: =V63-X63 -> #REF!
A64: 57 | B64: Вечерка | C64: ='[1]Свод '!$J$69/1000 -> 4058.49 | D64: =(C64-C64*10%)*6% -> 219.15846 | E64: =(C64-C64*10%)*3.5% -> 127.84243 | F64: =C64*2% -> 81.169799 | G64: 75084.29 | H64: =G64/12 -> 6257.0242 | I64: =(G64-G64*10%)*6% -> 4054.5517 | J64: =(G64-G64*10%)*3.5% -> 2365.1551 | K64: =G64*3% -> 2252.5287 | L64: =G64+I64+J64+K64+H64 -> 90013.55 | V64: =L64+M64+N64+O64+P64+S64+R64+T64+U64+Q64 -> 90013.55 | W64: =M64/7 -> 0 | X64: =#REF!+#REF!+#REF!+#REF! -> #REF! | Y64: =V64-X64 -> #REF!
A65: ИТОГО: | C65: =SUM(C8:C64) -> 412978.55 | D65: =(C65-C65*10%)*6% -> 22300.842 | E65: =(C65-C65*10%)*3.5% -> 13008.824 | F65: =C65*2% -> 8259.571 | G65: =SUM(G8:G64) -> 7553800.6 | I65: =SUM(I8:I64) -> 407905.23 | J65: =SUM(J8:J64) -> 237944.72 | K65: =SUM(K8:K64) -> 226614.02 | L65: =G65+I65+J65+K65+H65 -> 8426264.5 | M65: =SUM(M8:M64) -> 270583.72 | N65: =SUM(N8:N64) -> 72250.1 | O65: =SUM(O8:O64) -> 39904.3 | P65: =SUM(P8:P64) -> 7481 | Q65: =SUM(Q8:Q64) -> 2297 | R65: =SUM(R8:R64) -> 20184.95 | S65: =SUM(S8:S64) -> 0 | T65: =SUM(T8:T64) -> 0 | U65: =SUM(U8:U64) -> 0 | V65: =L65+M65+N65+O65+P65+S65+R65+T65+U65+Q65 -> 8838965.6 | X65: =#REF!+#REF!+#REF!+#REF! -> #REF!
V66: тыс.т.

Sheet РОО
C3: Информация по открытым бюджетам по Отделу образования за 2024 год
AB5: тыс.т.
B6: № | C6: Наименование | H6: ФЗП за год | I6: Налоги | M6: ИТОГО по зар.пл/ с налогами | N6: содержание школ | W6: Общие затраты школ за год | X6: 1 квартал | Z6: 2 квартал | AA6: 3 квартал | AB6: 4 квартал
E7: в месяц МБ+РБ | N7: Коомунальные расходы | S7: ГСМ /144
D8: 111 | E8: 121 | F8: 122 | G8: 124 | H8: 111 год | I8: 116 | J8: 121 | K8: 122 | L8: 124 | N8: отопление за отопительный сезон | O8: эл/энергия год | P8: услуги связи год/152 | Q8: выкачка септика | R8: вода
B9: 1 | C9: ГУ Отдел образования | D9: ='[1]Свод '!$I$77/1000 -> 5328.1503 | E9: =(D9-D9*10%)*6% -> 287.72011 | F9: =(D9-D9*10%)*3.5% -> 167.83673 | G9: =D9*2% -> 106.56301 | H9: =8490*12 -> 101880 | I9: =H9*1.5% -> 1528.2 | J9: =(H9-H9*10%)*6% -> 5501.52 | K9: =(H9-H9*10%)*3.5% -> 3209.22 | L9: =H9*2% -> 2037.6 | M9: =H9+J9+K9+L9+I9 -> 114156.54 | O9: 3026 | P9: =3560+612 -> 4172 | Q9: 0 | R9: 29.5 | S9: 2084 | W9: =M9+N9+O9+P9+Q9+T9+S9+U9+V9+R9 -> 123468.04 | X9: =W9/4+72 -> 30939.01 | Z9: =(M9+O9+P9+Q9+R9+S9)/4+819 -> 31686.01 | AA9: =(M9+O9+P9+Q9+R9+S9)/4 -> 30867.01 | AB9: =30795.63-819 -> 29976.63 | AC9: =N9/7 -> 0 | AD9: =X9+Z9+AA9+AB9 -> 123468.66 | AE9: =W9-AD9 -> -0.62
B11: ИТОГО: | D11: =SUM(D9:D10) -> 5328.1503 | E11: =(D11-D11*10%)*6% -> 287.72011 | F11: =(D11-D11*10%)*3.5% -> 167.83673 | G11: =D11*2% -> 106.56301 | H11: =SUM(H9:H10) -> 101880 | I11: =H11*1.5% -> 1528.2 | J11: =SUM(J9:J10) -> 5501.52 | K11: =SUM(K9:K10) -> 3209.22 | L11: =SUM(L9:L10) -> 2037.6 | M11: =H11+J11+K11+L11+I11 -> 114156.54 | N11: =SUM(N9:N10) -> 0 | O11: =SUM(O9:O10) -> 3026 | P11: =SUM(P9:P10) -> 4172 | Q11: =SUM(Q9:Q10) -> 0 | R11: =SUM(R9:R10) -> 29.5 | S11: =SUM(S9:S10) -> 2084 | T11: =SUM(T9:T10) -> 0 | U11: =SUM(U9:U10) -> 0 | V11: =SUM(V9:V10) -> 0 | W11: =M11+N11+O11+P11+Q11+T11+S11+U11+V11+R11 -> 123468.04 | AD11: =X11+Z11+AA11+AB11 -> 0
C14: Руководитель | L14: Кенжеболатова Д.Ш.
